 Dungeon Crawl Stone Soup version 0.31-a0-968-g24f9ace8b5 (webtiles) character file.

Game seed: 11613596486551889135

483 Maxmaps the Changeling (level 7, -2/48 HPs)
             Began as an Octopode Shapeshifter on Oct 28, 2023.
             Slain by a killer bee (3 damage)
             ... on level 4 of the Dungeon.
             The game lasted 00:05:24 (3723 turns).

Maxmaps the Changeling (Octopode Shapeshifter)      Turns: 3723, Time: 00:05:25

Health: -2/48      AC:  1    Str: 13    XL:     7   Next: 12%
Magic:  7/7        EV: 18    Int: 15    God:
Gold:   177        SH:  0    Dex: 11    Spells: 6/6 levels left

rFire   . .          .
                       - Unarmed
rCold   . . .        (no shield)
rNeg    . . .        (helmet currently unavailable)
rPois   .            q - amulet of magic regeneration
rElec   .            d - +5 ring of evasion
rCorr   .            (no ring)
SInv    .            (no ring)
Will    .....        (no ring)
Stlth   ++           (no ring)
HPRegen 0.28/turn    (no ring)
MPRegen 0.50/turn    (no ring)
                     (no ring)

%: no passive effects
@: lethally poisoned (-2 -> -8), about to teleport, beast-form
A: beast (slay +3), almost no armour, amphibious, 8 rings, camouflage 1,
gelatinous body 1, (nimble swimmer 1), tentacles
a: Begin Untransformation


You were on level 4 of the Dungeon.
You were a hulking beast.
You visited 1 branch of the dungeon, and saw 4 of its levels.

You collected 177 gold pieces.

Inventory:

Jewellery
 d - a +5 ring of evasion (left tentacle)
 q - an amulet of magic regeneration (around mantle)
Talismans
 b - a beast talisman
 c - a flux talisman
Wands
 m - a wand of polymorph (6)
Scrolls
 j - a scroll of teleportation
 k - a scroll of revelation {unknown}
 n - a scroll of vulnerability {unknown}
 p - a scroll of enchant armour {unknown}
 r - a scroll of poison {unknown}
Potions
 a - a potion of lignification
 g - a potion of enlightenment {unknown}
 h - a potion of cancellation {unknown}
 i - a potion of magic {unknown}
 l - 3 potions of curing
 o - a potion of might {unknown}


   Skills:
 - Level 4.0 Fighting
 - Level 2.0 Dodging
 - Level 3.0 Unarmed Combat
 + Level 6.2 Shapeshifting


You had 6 spell levels left.
You didn't know any spells.
Your spell library contained the following spells:

 Spells                   Type           Power      Damage    Failure   Level
 Apportation              Tloc           0%         N/A       26%         1
 Necrotise                Necr           0%         1d4       26%         1
 Summon Small Mammal      Summ           0%         N/A       26%         1
 Hailstorm                Conj/Ice       0%         3d3       63%         3
 Summon Ice Beast         Ice/Summ       0%         N/A       95%         4
 Summon Forest            Summ/Tloc      0%         N/A       100%        5
 Summon Mana Viper        Hex/Summ       0%         N/A       100%        5
 Simulacrum               Ice/Necr       0%         N/A       100%        6
 Summon Cactus Giant      Summ           0%         N/A       100%        6


Dungeon Overview and Level Annotations

Branches:
Dungeon (4/15)
 Temple: D:4-7

Altars:


Innate Abilities, Weirdness & Mutations

You are a hulking beast.
Your limbs bulge with bestial killing power. (Slay +3)
You cannot wear most types of armour.
You are amphibious.
You can wear up to eight rings at the same time.
Your skin changes colour to match your surroundings (Stealth+).
Your rubbery body absorbs attacks. (AC +1, EV +1)
((You are camouflaged when in or above water. (Stealth+)))
You have tentacles for arms and can constrict up to eight enemies at once.


Message History

The phantom is moderately damaged.
The killer bee misses you. The phantom barely misses you.
The killer bee closely misses you. The killer bee stings you.
The killer bee barely misses you. The killer bee stings you!
As you read the scroll labelled LYUC FERODDO, it crumbles to dust.
It is a scroll of identify.
l - 3 potions of curing The killer bee misses you. x2; The killer bee completely misses you.
The phantom misses you. The killer bee completely misses you.
The killer bee barely misses you. The killer bee closely misses you.
The killer bee stings you! The killer bee barely misses you.
An orc wizard comes into view.
It is wielding a +0 dagger and wearing a +2 robe of fire resistance.
An orc comes into view. It is wielding a +0 whip.
Okay, then.
As you read the scroll labelled CUSCHI NALUTS, it crumbles to dust.
It is a scroll of brand weapon.
You aren't carrying any weapons that can be branded.
The killer bee misses you. The killer bee closely misses you.
The killer bee completely misses you. The killer bee misses you.
The killer bee completely misses you. The phantom hits you.
The killer bee barely misses you. The killer bee misses you.
The killer bee stings you.
You are poisoned.
The killer bee poisons you! The killer bee stings you.
* * * LOW HITPOINT WARNING * * *
The killer bee stings you.
* * * LOW HITPOINT WARNING * * *
Okay, then.
Unknown command.
As you read the scroll labelled ASE CUCI NOC, it crumbles to dust.
You feel strangely unstable.
It was a scroll of teleportation.
You feel very sick. The killer bee misses you. The killer bee stings you!
* * * LOW HITPOINT WARNING * * *
The killer bee closely misses you. x3; The phantom misses you.
The killer bee stings you.
* * * LOW HITPOINT WARNING * * *
The killer bee closely misses you. The killer bee misses you.
The killer bee barely misses you. The killer bee stings you.
You die...

..### ....##
###########
.....##
#.........#
###...##
#.........#
#......#
#.........#
..##.#.#
#.........###
#.##...#
#...........#
......##
#...W........
###.#.#
#...yhy......
##....##
#...yyy......
......>#
#....S..>....
.#....##
##.....o......
.....##
##..##.........
.....#
#..####........
....<#
##..........o...
.....#
##...##..........
.....###...##
###..


You could see a phantom, 5 killer bees, 2 orcs and a ball python.

Vanquished Creatures
  Sigmund (D:2)
  2 hounds (D:4)
  Crazy Yiuf (D:3)
  Robin (D:3)
  8 gnolls
  4 adders
  A dart slug (D:1)
  4 orcs (D:4)
  7 ball pythons
  6 bats
  8 endoplasms
  4 giant cockroaches
  13 goblins
  13 hobgoblins
  4 jackals
  3 quokkas (D:2)
  2 frilled lizards
  10 kobolds
  2 rats
94 creatures vanquished.

Notes
Turn   | Place    | Note
-------+----------+-------------------------------------------
     0 | D:1      | Maxmaps the Octopode Shapeshifter began the quest for the
                  | Orb.
     0 | D:1      | Reached XP level 1. HP: 13/13 MP: 1/1
   144 | D:1      | Reached XP level 2. HP: 10/19 MP: 2/2
   377 | D:1      | Reached XP level 3. HP: 21/25 MP: 3/3
   909 | D:2      | Reached XP level 4. HP: 33/33 MP: 4/4
  1179 | D:2      | Found a faded altar of an unknown god.
  1506 | D:2      | Reached XP level 5. HP: 29/37 MP: 5/5
  1590 | D:2      | Noticed Sigmund
  1613 | D:2      | Killed Sigmund
  1614 | D:2      | Reached skill level 5 in Shapeshifting
  1614 | D:2      | Reached XP level 6. HP: 12/43 MP: 6/6
  2097 | D:3      | Noticed Robin
  2203 | D:3      | Killed Robin
  2652 | D:3      | Found a runed translucent door.
  2653 | D:3      | Noticed Crazy Yiuf
  3163 | D:3      | Killed Crazy Yiuf
  3488 | D:4      | Reached skill level 6 in Shapeshifting
  3488 | D:4      | Reached XP level 7. HP: 47/48 MP: 7/7
  3723 | D:4      | HP: 2/48 [killer bee (7)]
  3723 | D:4      | Slain by a killer bee

Illustrated notes

Levels and vault maps discovered:
D:1:      minmay_arrival_widening_spiral_wide, layout_loops_ring,
          minmay_shallow_snake_nest
D:2:      layout_loops_corners, hellmonk_ecumenical_altar_arch_garden,
          uniq_sigmund
D:3:      layout_basic, uniq_crazy_yiuf_cottage, uniq_robin
D:4:      layout_rooms, minitemple, amcnicky_altar_gilded,
          minmay_temple_entry_water_ring, nicolae_letterblocks
          [nicolae_letter_subblock, nicolae_letter_subblock,
          nicolae_letter_subblock, nicolae_letter_subblock,
          nicolae_letter_subblock, nicolae_letter_subblock,
          nicolae_letter_subblock, nicolae_letter_subblock,
          nicolae_letter_subblock, nicolae_letter_subblock,
          nicolae_letter_subblock, nicolae_letter_subblock,
          nicolae_letter_subblock, nicolae_letter_subblock,
          nicolae_letter_subblock, nicolae_letter_subblock,
          nicolae_letter_subblock, nicolae_letter_subblock,
          nicolae_letter_subblock, nicolae_letter_subblock,
          nicolae_letter_subblock, nicolae_letter_subblock,
          nicolae_letter_subblock, nicolae_letter_subblock,
          nicolae_letter_subblock], uniq_duvessa

Skill      XL: |  1  2  3  4  5  6 |
---------------+-------------------+-----
Fighting       | 2 3 4 |  4.0
Shapeshifting  | 5 6 |  6.2
Dodging        | |  2.0
Unarmed Combat | |  3.0

Action                     |  1- 3 |  4- 6 |  7- 9 || total
---------------------------+-------+-------+-------++-------
  Melee: Unarmed           |    48 |   131 |    24 ||   203
         Tentacles         |    18 |    18 |     7 ||    43
         Constrict         |    14 |    29 |     5 ||    48
         Punch             |     1 |       |       ||     1
    Use: Potion            |       |     3 |       ||     3
         Scroll            |       |       |     3 ||     3
   Stab: Sleeping          |     5 |     3 |     2 ||    10
 Armour: Skin              |    14 |    61 |    18 ||    93
  Dodge: Dodged            |    23 |   120 |    52 ||   195

Table legend: (Time is in decaauts)
 A = Elapsed time spent in this place.
 B = Non-inter-level travel time spent in this place.
 C = Inter-level travel time spent in this place.
 D = Time resting spent in this place.
 E = Time spent auto-exploring this place.
 F = Levels seen in this place.
 G = Mean time per level.
                   A        B        C        D        E       F      G
               +--------+--------+--------+--------+--------+-----+--------+
         Total |   3710 |   3507 |    203 |    407 |   2542 |   4 |  927.5 |
       Dungeon |   3710 |   3507 |    203 |    407 |   2542 |   4 |  927.5 |
               +--------+--------+--------+--------+--------+-----+--------+

Top non-repeatable levels by time:
     D:3: 1423 daAuts
     D:2: 1121 daAuts
     D:1: 856 daAuts
     D:4: 309 daAuts
